 Dungeon Crawl Stone Soup version 0.31-a0-986-g5e6e4ef867 (webtiles) character file.

Game seed: 10506639491035448567

504 pokeman the Magician (level 6, -2/35 HPs)
             Began as a Deep Elf Hedge Wizard on Nov 20, 2023.
             Slain by Menkaure (21 damage)
             ... on level 5 of the Dungeon.
             The game lasted 00:11:21 (4452 turns).

pokeman the Magician (Deep Elf Hedge Wizard)        Turns: 4452, Time: 00:11:22

Health: -2/35      AC:  6    Str:  7    XL:     6   Next: 96%
Magic:  13/18      EV: 13    Int: 21    God:
Gold:   294        SH:  0    Dex: 14    Spells: 12/20 levels left

rFire   . . .        a - +0 dagger
rCold   . . .        (no shield)
rNeg    . . .        u - +0 robe {Will+}
rPois   .            C - +2 helmet
rElec   .            k - +0 cloak
rCorr   .            (no gloves)
SInv    .            (no boots)
Will    ++...        h - amulet of magic regeneration
Stlth   ++           t - ring of willpower
HPRegen 0.25/turn    (no ring)
MPRegen 0.56/turn

%: no passive effects
@: no status effects
A: no striking features
a: no special abilities


You were on level 5 of the Dungeon.
You visited 1 branch of the dungeon, and saw 5 of its levels.
You also visited: Sewer.

You collected 294 gold pieces.

Inventory:

Hand Weapons
 a - a +0 dagger (weapon)
Armour
 k - a +0 cloak (worn)
 u - a +0 robe of willpower (worn)
 C - a +2 helmet (worn)
Jewellery
 h - an amulet of magic regeneration (around neck)
 i - an amulet of regeneration
 t - a ring of willpower (left hand)
 v - a ring of ice
Scrolls
 e - a scroll of butterflies {unknown}
 f - 3 scrolls of enchant armour {unknown}
 g - 5 scrolls of identify {unknown}
 j - a scroll of immolation {unknown}
 m - 2 scrolls of noise {unknown}
 n - a scroll of silence {unknown}
 q - 3 scrolls of amnesia {unknown}
 r - 2 scrolls of revelation {unknown}
 x - 2 scrolls of poison {unknown}
 y - a scroll of fear {unknown}
 A - 3 scrolls of vulnerability {unknown}
 D - 2 scrolls of enchant weapon {unknown}
Potions
 b - 2 potions of berserk rage {unknown}
 c - a potion of resistance {unknown}
 d - 3 potions of magic
 l - 5 potions of curing {unknown}
 o - a potion of invisibility {unknown}
 p - 5 potions of heal wounds {unknown}
 s - a potion of brilliance {unknown}
 w - a potion of degeneration {unknown}
 z - 3 potions of lignification {unknown}
 B - a potion of ambrosia {unknown}


   Skills:
 - Level 2.0 Fighting
 + Level 1.0 Armour
 - Level 3.0 Dodging
 - Level 3.0 Stealth
 * Level 7.8 Spellcasting
 + Level 3.7 Conjurations
 - Level 1.1 Summonings
 - Level 1.1 Translocations
 - Level 1.0 Air Magic
 - Level 1.0 Poison Magic


You had 12 spell levels left.
You knew the following spells:

 Your Spells              Type           Power      Damage    Failure   Level
a - Magic Dart            Conj           92%        1d7       1%          1
b - Mephitic Cloud        Conj/Pois/Air  16%        N/A       11%         3
c - Call Imp              Summ           24%        N/A       8%          2
d - Blink                 Tloc           24%        N/A       8%          2

Your spell library contained the following spells:

 Spells                   Type           Power      Damage    Failure   Level
 Slow                     Hex            32%        N/A       9%          1
 Cigotuvi's Dreadful Rot  Necr/Pois/Air  22%        N/A       10%         2


Dungeon Overview and Level Annotations

Branches:
Dungeon (5/15)              Sewer (visited)
 Temple: D:4-7

Altars:
Nemelex Xobeh

Shops:
D:2 ?*(=[

Annotations:
D:5 Menkaure


Message History

Casting: Magic Dart (safe; 1% risk of failure)
Confirm with . or Enter, or press ? or * to list all spells.
Aiming: Magic Dart (safe; 1% risk of failure)
Press: ? - help, Shift-Dir - straight line, f/p - Menkaure
Aim: Menkaure (heavily damaged, 100% to hit)
The magic dart hits Menkaure.
Menkaure is heavily damaged.
Casting: Magic Dart (safe; 1% risk of failure)
Confirm with . or Enter, or press ? or * to list all spells.
Aiming: Magic Dart (safe; 1% risk of failure)
Press: ? - help, Shift-Dir - straight line, f/p - Menkaure
Aim: Menkaure (heavily damaged, 100% to hit)
The magic dart hits Menkaure.
Menkaure is heavily damaged.
Menkaure calls on the powers of darkness!
Your body is wracked with pain!
Casting: Magic Dart (safe; 1% risk of failure)
Confirm with . or Enter, or press ? or * to list all spells.
Aiming: Magic Dart (safe; 1% risk of failure)
Press: ? - help, Shift-Dir - straight line, f/p - Menkaure
Aim: Menkaure (heavily damaged, 100% to hit)
The magic dart hits Menkaure.
Menkaure is severely damaged.
Casting: Magic Dart (safe; 1% risk of failure)
Confirm with . or Enter, or press ? or * to list all spells.
Aiming: Magic Dart (safe; 1% risk of failure)
Press: ? - help, Shift-Dir - straight line, f/p - Menkaure
Aim: Menkaure (severely damaged, 100% to hit)
The magic dart hits Menkaure.
Menkaure is severely damaged.
Casting: Magic Dart (safe; 1% risk of failure)
Confirm with . or Enter, or press ? or * to list all spells.
Aiming: Magic Dart (safe; 1% risk of failure)
Press: ? - help, Shift-Dir - straight line, f/p - Menkaure
Aim: Menkaure (severely damaged, 100% to hit)
The magic dart hits Menkaure.
Menkaure is severely damaged.
Menkaure hits you!!
Ouch! That really hurt!
You die...

#.##..##.#.......# #
.#.#..#.#.#......# .#.
#.#....#. #......##+#...
##......##.#............
..........#.#...........
...........##...........
.............#..........
...............#.###...
.<.............#@##
......#####...<..M......
..#.......+.............
..+......##.............
..#......+...#...######.
.........##....#...
.........##.........
.........##.........
.........##.......


You could see Menkaure.

Vanquished Creatures
  2 scorpions (D:4)
  A hound (D:4)
  Jessica (D:3)
  An iguana (D:4)
  A hell rat (Sewer)
  Robin (D:4)
  9 adders
  3 river rats
  A white imp (D:5)
  5 dart slugs
  11 orcs
  6 endoplasms
  5 giant cockroaches
  7 hobgoblins
  15 jackals
  4 quokkas
  12 ball pythons
  7 bats
  8 frilled lizards
  17 goblins
  5 kobolds
  9 rats
131 creatures vanquished.

Vanquished Creatures (collateral kills)
  A worm (D:2)
1 creature vanquished.

Grand Total: 132 creatures vanquished

Notes
Turn   | Place    | Note
-------+----------+-------------------------------------------
     0 | D:1      | pokeman the Deep Elf Hedge Wizard began the quest for the
                  | Orb.
     0 | D:1      | Reached XP level 1. HP: 10/10 MP: 7/7
   326 | D:1      | Reached XP level 2. HP: 16/16 MP: 6/9
   528 | D:1      | Reached skill level 5 in Spellcasting
   665 | D:1      | Reached XP level 3. HP: 20/20 MP: 11/11
  1129 | D:2      | Found Biysoc's Antique Weapon Emporium.
  1146 | D:2      | Found Baezuu Juget's Assorted Antiques.
  1164 | D:2      | Found Ammy's Magic Scroll Emporium.
  1187 | D:2      | Reached skill level 1 in Armour
  1205 | D:2      | Found Siehasm's Jewellery Emporium.
  1297 | D:2      | Reached skill level 1 in Fighting
  1409 | D:2      | Found Luf Xorch's Antique Armour Emporium.
  1645 | D:2      | Reached XP level 4. HP: 25/25 MP: 10/13
  1686 | D:2      | Learned a level 3 spell: Mephitic Cloud
  1689 | D:2      | Learned a level 2 spell: Call Imp
  1692 | D:2      | Learned a level 2 spell: Blink
  1976 | D:3      | Noticed Jessica
  1979 | D:3      | Killed Jessica
  1990 | D:3      | Reached skill level 6 in Spellcasting
  2066 | D:3      | Reached XP level 5. HP: 29/29 MP: 13/15
  2083 | D:3      | Found a glowing drain.
  2087 | Sewer    | Entered a sewer
  2241 | D:3      | Reached skill level 1 in Poison Magic
  2523 | D:3      | Reached skill level 1 in Air Magic
  2779 | D:3      | Found a sparkling altar of Nemelex Xobeh.
  3108 | D:4      | Reached XP level 6. HP: 9/34 MP: 9/17
  3275 | D:4      | Noticed Robin
  3311 | D:4      | Killed Robin
  3369 | D:4      | Reached skill level 7 in Spellcasting
  4331 | D:5      | Entered Level 5 of the Dungeon
  4442 | D:5      | Noticed Menkaure
  4452 | D:5      | Slain by Menkaure

Illustrated notes

Levels and vault maps discovered:
D:1:      scummos_arrival_forest, layout_basic
D:2:      layout_loops_ring, serial_shops, nicolae_shop_window_shopping, shop,
          nicolae_shop_trees, nicolae_shop_rolling_square, shop
D:3:      layout_basic, nemelex_altar_shiori, gup_sewer_entry_bowl, minmay_puff,
          uniq_jessica
D:4:      layout_layer_cave, uniq_robin
D:5:      layout_basic, nicolae_overflow_hidden_temple, gammafunk_ghost_hive,
          minmay_misc_feat_secret_circle, corexii_item_surrounded_by_moat,
          nicolae_shop_sticking_my_neck_out, uniq_menkaure

Skill      XL: |  1  2  3  4  5  6 |
---------------+-------------------+-----
Spellcasting   | 5 6 7 |  7.8
Armour         | 1 |  1.0
Fighting       | 1 2 |  2.0
Conjurations   | 2 3 |  3.7
Dodging        | 3 |  3.0
Stealth        | 3 |  3.0
Poison Magic   | 1 |  1.0
Air Magic      | 1 |  1.0
Summonings     | |  1.1
Translocations | |  1.1

Action                     |  1- 3 |  4- 6 || total
---------------------------+-------+-------++-------
  Melee: Dagger            |    41 |    27 ||    68
   Cast: Magic Dart        |   145 |   230 ||   375
         Call Imp          |       |     1 ||     1
         Mephitic Cloud    |       |     4 ||     4
         Blink             |       |     1 ||     1
   Stab: Sleeping          |       |     1 ||     1
 Armour: Robe              |    43 |    44 ||    87
  Dodge: Dodged            |    66 |    41 ||   107

Table legend: (Time is in decaauts)
 A = Elapsed time spent in this place.
 B = Non-inter-level travel time spent in this place.
 C = Inter-level travel time spent in this place.
 D = Time resting spent in this place.
 E = Time spent auto-exploring this place.
 F = Levels seen in this place.
 G = Mean time per level.
                   A        B        C        D        E       F      G
               +--------+--------+--------+--------+--------+-----+--------+
         Total |   4472 |   4401 |     71 |      3 |   3500 |   6 |  745.3 |
       Dungeon |   4338 |   4267 |     71 |      3 |   3409 |   5 |  867.6 |
         Sewer |    133 |    133 |      0 |      0 |     91 |   1 |  133.0 |
               +--------+--------+--------+--------+--------+-----+--------+

Top non-repeatable levels by time:
     D:4: 1375 daAuts
     D:1: 1056 daAuts
     D:3: 955 daAuts
     D:2: 837 daAuts
   Sewer: 133 daAuts
     D:5: 114 daAuts
